 Dungeon Crawl Stone Soup version 0.23-a0-436-g57debff (webtiles) character file.

63 Inarius the Skirmisher (level 4, -3/38 HPs)
             Began as a Ghoul Fighter on Nov 16, 2018.
             Slain by a gnoll
             ... wielding a +0 spear
              (4 damage)
             ... on level 2 of the Dungeon.
             The game lasted 00:01:32 (1028 turns).

Inarius the Skirmisher (Ghoul Fighter)              Turns: 1028, Time: 00:01:33

Health: -3/38      AC:  7    Str: 19    XL:     4   Next: 9%
Magic:  3/3        EV:  7    Int:  4    God:
Gold:   20         SH:  8    Dex:  8    Spells: 3/3 levels left

rFire    . . .     SeeInvis .   a - +0 war axe
rCold    + . .     Gourm    .   c - +0 shield
rNeg     + + +     Faith    .   b - +0 scale mail
rPois    ∞         Spirit   .   (no helmet)
rElec    .         Reflect  .   h - +0 cloak
rCorr    .         Harm     .   (no gloves)
MR       .....                  (no boots)
Stlth    ..........             (no amulet)
HPRegen  0.00/turn              (no ring)
MPRegen  0.08/turn              (no ring)

@: rotting
A: rotting body, claws 1, carnivore, cold resistance 1, negative energy
resistance 3, inhibited regeneration, torment resistance, unbreathing
a: no special abilities


You were on level 2 of the Dungeon.
You were not hungry.

You visited 1 branch of the dungeon, and saw 2 of its levels.

You collected 20 gold pieces.

Inventory:

Hand Weapons
 a - a +0 war axe (weapon)
Armour
 b - a +0 scale mail (worn)
 c - a +0 shield (worn)
 h - a +0 cloak (worn)
Scrolls
 e - a scroll of fog {unknown}
 i - a scroll of identify {unknown}
Potions
 d - 2 potions of might
Comestibles
 f - 5 rations


   Skills:
 + Level 3.5 Fighting
 * Level 2.9 Axes
 + Level 3.1 Armour
 + Level 3.1 Shields


You had 3 spell levels left.
You didn't know any spells.
Your spell library was empty.

Dungeon Overview and Level Annotations

Branches:
Dungeon (2/15)

Altars:


Innate Abilities, Weirdness & Mutations

Your body is rotting away.
You thrive on raw meat.
You are immune to poison.
You have sharp fingernails.
You are carnivorous and can eat meat at any time.
Your flesh is cold resistant. (rC+)
You are immune to negative energy. (rN+++)
You do not regenerate when monsters are visible.
You are immune to unholy pain and torment.
You can survive without breathing.


Message History

You eat one of the 2 chunks of flesh.
You feel more resilient.
This raw flesh tastes great!
The gnoll barely misses you.
Eat a chunk of flesh? (ye/n/q)
You eat the chunk of flesh.
This raw flesh tastes great!
The gnoll hits you but does no damage. The gnoll hits you with a +0 spear.
The gnoll hits you from afar with a cursed -1 halberd.
Your shield and scale mail prevent you from hitting the gnoll.
The gnoll hits you with a +0 spear. The gnoll hits you but does no damage.
You hit the gnoll.
The gnoll is moderately wounded.
You block the gnoll's attack.
The gnoll hits you from afar with a cursed -1 halberd!
The gnoll hits you but does no damage.
You barely miss the gnoll.
The gnoll is moderately wounded.
The gnoll hits you from afar with a cursed -1 halberd!
* * * LOW HITPOINT WARNING * * *
The gnoll hits you with a +0 spear.
You die...

#. #.#>##..# #.#.##..#
#.#.###.# #.#.#.# #>#
#.#.#.# #.#
#.#.#.###.######
#.#g#..........#
#######.#g#####.####.#
#.......#@# #.# #.#
#.......#.#####.# #.#
#......÷..[...#.# #.#
#......##.###.#)# #.#
#......##.# #.#.# #.#
#......##.# #.#.# #.#
#......##.# #.#.# #.#
#......##.###.#.# #.#
#......##.#...#.# #.#


You could see 2 gnolls.

Vanquished Creatures
  A gnoll (D:2)
  2 adders (D:2)
  A worm (D:2)
  2 dart slugs (D:1)
  A ball python (D:1)
  5 bats (D:1)
  A goblin (D:1)
  2 hobgoblins
  4 jackals (D:1)
  A quokka (D:2)
  A frilled lizard (D:2)
  4 kobolds
  4 rats (D:1)
29 creatures vanquished.

Notes
Turn   | Place    | Note
-------+----------+-------------------------------------------
     0 | D:1      | Inarius the Ghoul Fighter began the quest for the Orb.
     0 | D:1      | Reached XP level 1. HP: 19/19 MP: 0/0
    88 | D:1      | Reached XP level 2. HP: 20/26 MP: 1/1
   622 | D:1      | Reached XP level 3. HP: 31/31 MP: 2/2
  1001 | D:2      | Reached XP level 4. HP: 24/37 MP: 3/3
  1028 | D:2      | HP: 1/38 [gnoll/cursed -1 halberd (13)]
  1028 | D:2      | Slain by a gnoll

Vault maps used:
D:1:      psy_arrival_statuary, grunt_decor_cap

Skill      XL: |  1  2  3 |
---------------+----------+-----
Axes           | 2 |  2.9
Armour         | 3 |  3.1
Shields        | 3 |  3.1
Fighting       | |  3.5

Action                   |  1- 3 |  4- 6 || total
-------------------------+-------+-------++-------
Melee: War axe           |   101 |     3 ||   104
  Eat: Chunk             |    19 |     2 ||    21
Armor: Scale mail        |    64 |     3 ||    67
Dodge: Dodged            |    47 |     1 ||    48
Block: Shield            |    59 |     2 ||    61

Table legend:
 A = Non-vault XP
 B = Vault XP
 C = Vault XP percentage of total XP
 D = Non-vault monster count
 E = Vault monster count
 F = Vault count percentage of total count
                 A         B        C        D         E       F
            +---------+---------+-------+---------+---------+-------
      Total |      90 |       0 |   0.0 |      29 |       0 |   0.0
            +---------+---------+-------+---------+---------+-------
        D:1 |      39 |       0 |   0.0 |      21 |       0 |   0.0
        D:2 |      51 |       0 |   0.0 |       8 |       0 |   0.0
            +---------+---------+-------+---------+---------+-------
